[ AOE2 MATCH · #508062327 ]
UnrankedTupi vs Shu
Player's team · LOSS
Rival team · WIN
[ REPLAY ANALYSIS · EXTRACTED FROM THE RECORDED GAME ]
Feudal
10:31
Castle
15:55
Imperial
41:26
| APM avg | 33.3 |
| APM peak | 61 |
| eAPM avg | 20.2 |
| Villagers / military | 150 / 118 |
Focus
⚔️ 37.4% · 🌾 62.6%
Spearman ×102 · Unknown (2579) ×68 · Unknown (2550) ×42 · Monk ×10 · Trebuchet (Packed) ×4 · Mangonel ×2
Feudal
8:51
Castle
19:46
Imperial
37:06
| APM avg | 61.2 |
| APM peak | 103 |
| eAPM avg | 28.8 |
| Villagers / military | 176 / 191 |
Focus
⚔️ 43.0% · 🌾 57.0%
Archer ×124 · Unknown (1944) ×74 · Scout Cavalry ×50 · Unknown (1942) ×27 · Unknown (1959) ×10 · Monk ×6
Match map
Initial resources + every placement click. Lines = walls · curves = elevation contours. ◆ gold · ⬟ stone · ● berries · ✦ relic · ◌ wall gap
Your base· Open — unwalled flank
Phoebus Apollo's base· ✓ Closed at 19:46 · 21t walls · no gate
Smoothed initial terrain · ◌ = detected wall gap · hover for details
Inputs per minute
— Jhoonas - - Phoebus Apollo
Build order — Jhoonas
First 150 of 434 actions detected
| 0:00 | Queue | Villager (Male) |
| 0:01 | Queue | Villager (Male) |
| 0:01 | Queue | Villager (Male) |
| 0:03 | Build | House |
| 0:04 | Build | House |
| 0:08 | Queue | Villager (Male) |
| 0:08 | Queue | Villager (Male) |
| 1:20 | Queue | Villager (Male) |
| 1:20 | Queue | Villager (Male) |
| 1:43 | Queue | Villager (Male) |
| 2:12 | Queue | Villager (Male) |
| 2:22 | Queue | Villager (Male) |
| 3:05 | Queue | Villager (Male) |
| 3:24 | Build | Settlement |
| 3:26 | Queue | Villager (Male) |
| 3:46 | Queue | Villager (Male) |
| 4:33 | Queue | Villager (Male) |
| 4:33 | Queue | Villager (Male) |
| 5:03 | Queue | Villager (Male) |
| 5:15 | Queue | Villager (Male) |
| 5:28 | Build | Settlement |
| 5:40 | Queue | Villager (Male) |
| 6:09 | Queue | Villager (Male) |
| 6:46 | Queue | Villager (Male) |
| 7:03 | Queue | Villager (Male) |
| 7:04 | Research | Loom |
| 7:13 | Build | Settlement |
| 8:01 | Research | Feudal Age |
| 8:04 | Queue | Villager (Male) |
| 8:04 | Queue | Villager (Male) |
| 8:22 | Queue | Villager (Male) |
| 9:10 | Build | Farm |
| 9:56 | Build | Palisade Wall |
| 9:58 | Build | Palisade Wall |
| 10:00 | Build | Palisade Wall |
| 10:01 | Build | Palisade Wall |
| 10:06 | Build | Palisade Wall |
| 10:07 | Build | Palisade Wall |
| 10:09 | Build | Palisade Wall |
| 10:11 | Build | Palisade Wall |
| 10:18 | Build | Palisade Wall |
| 10:21 | Build | Palisade Wall |
| 10:31 | Age | Feudal Age |
| 10:38 | Build | Palisade Wall |
| 10:47 | Build | Palisade Wall |
| 10:54 | Build | Watch Tower |
| 11:12 | Build | Palisade Wall |
| 11:17 | Build | Farm |
| 11:22 | Build | Market |
| 11:24 | Queue | Villager (Male) |
| 11:55 | Build | Palisade Wall |
| 12:23 | Build | Blacksmith |
| 12:54 | Build | Farm |
| 13:15 | Research | Castle Age |
| 13:20 | Build | Farm |
| 13:54 | Build | Farm |
| 13:58 | Research | Fletching |
| 14:31 | Build | Farm |
| 14:34 | Build | Farm |
| 15:25 | Build | Farm |
| 15:46 | Queue | Villager (Male) |
| 15:46 | Queue | Villager (Male) |
| 15:55 | Age | Castle Age |
| 16:13 | Build | Watch Tower |
| 16:14 | Queue | Villager (Male) |
| 17:39 | Build | Castle |
| 17:45 | Queue | Villager (Male) |
| 18:04 | Build | Farm |
| 18:31 | Queue | Villager (Male) |
| 18:55 | Queue | Villager (Male) |
| 19:19 | Queue | Unit 2579 |
| 19:19 | Queue | Unit 2579 |
| 19:22 | Queue | Villager (Male) |
| 19:47 | Queue | Unit 2579 |
| 19:50 | Queue | Unit 2579 |
| 19:52 | Queue | Villager (Male) |
| 20:06 | Queue | Villager (Male) |
| 20:23 | Queue | Villager (Male) |
| 20:25 | Build | Farm |
| 20:39 | Queue | Unit 2579 |
| 20:44 | Build | Outpost |
| 21:13 | Queue | Villager (Male) |
| 21:22 | Queue | Villager (Male) |
| 21:29 | Research | Bodkin Arrow |
| 21:40 | Queue | Villager (Male) |
| 21:47 | Build | University |
| 22:00 | Queue | Unit 2579 |
| 22:10 | Build | House |
| 22:17 | Build | Palisade Gate |
| 22:21 | Build | Palisade Wall |
| 22:26 | Build | Palisade Wall |
| 22:32 | Queue | Villager (Male) |
| 22:34 | Research | Town Watch |
| 22:49 | Build | House |
| 22:52 | Build | House |
| 23:02 | Build | House |
| 23:03 | Build | Palisade Wall |
| 23:23 | Research | Ballistics |
| 23:24 | Queue | Villager (Male) |
| 23:24 | Queue | Villager (Male) |
| 23:33 | Build | House |
| 23:44 | Queue | Unit 2579 |
| 23:59 | Queue | Villager (Male) |
| 24:07 | Build | Farm |
| 24:34 | Queue | Villager (Male) |
| 24:38 | Research | Double-Bit Axe |
| 24:44 | Queue | Unit 2579 |
| 24:50 | Queue | Villager (Male) |
| 25:07 | Queue | Unit 2579 |
| 25:08 | Queue | Unit 2579 |
| 25:08 | Queue | Unit 2579 |
| 25:10 | Queue | Villager (Male) |
| 25:27 | Research | Horse Collar |
| 25:28 | Build | Farm |
| 25:35 | Queue | Unit 2579 |
| 25:54 | Queue | Villager (Male) |
| 26:18 | Build | Monastery |
| 26:24 | Queue | Villager (Male) |
| 26:43 | Queue | Villager (Male) |
| 26:50 | Build | Siege Workshop |
| 26:56 | Build | Farm |
| 26:58 | Build | Farm |
| 27:02 | Build | Farm |
| 27:03 | Queue | Monk |
| 27:03 | Queue | Monk |
| 27:15 | Build | House |
| 27:28 | Queue | Mangonel |
| 27:54 | Queue | Villager (Male) |
| 28:22 | Queue | Unit 2579 |
| 28:36 | Queue | Unit 2579 |
| 28:53 | Queue | Villager (Male) |
| 28:54 | Queue | Villager (Male) |
| 29:19 | Queue | Monk |
| 29:21 | Queue | Villager (Male) |
| 29:42 | Build | Farm |
| 29:45 | Build | Town Center |
| 30:02 | Queue | Monk |
| 30:08 | Queue | Mangonel |
| 30:10 | Queue | Unit 2579 |
| 30:10 | Queue | Unit 2579 |
| 30:11 | Queue | Unit 2579 |
| 30:11 | Queue | Villager (Male) |
| 30:13 | Build | Farm |
| 30:53 | Queue | Villager (Male) |
| 30:55 | Build | Farm |
| 31:01 | Queue | Monk |
| 31:03 | Queue | Villager (Male) |
| 31:03 | Queue | Villager (Male) |
| 31:09 | Build | Settlement |
| 31:21 | Build | Palisade Wall |
Build order — Phoebus Apollo
First 150 of 558 actions detected
| 0:00 | Queue | Villager (Male) |
| 0:00 | Queue | Villager (Male) |
| 0:00 | Queue | Villager (Male) |
| 0:01 | Queue | Villager (Male) |
| 0:01 | Queue | Villager (Male) |
| 0:02 | Build | House |
| 0:03 | Build | House |
| 1:37 | Queue | Villager (Male) |
| 1:37 | Queue | Villager (Male) |
| 1:46 | Build | Lumber Camp |
| 2:00 | Queue | Villager (Male) |
| 2:18 | Queue | Villager (Male) |
| 2:18 | Queue | Villager (Male) |
| 2:43 | Queue | Villager (Male) |
| 2:46 | Build | House |
| 3:08 | Queue | Villager (Male) |
| 3:37 | Queue | Villager (Male) |
| 3:51 | Queue | Villager (Male) |
| 3:51 | Queue | Villager (Male) |
| 4:16 | Queue | Villager (Male) |
| 4:16 | Queue | Villager (Male) |
| 4:39 | Queue | Villager (Male) |
| 4:39 | Queue | Villager (Male) |
| 5:16 | Build | Barracks |
| 5:36 | Build | House |
| 5:46 | Queue | Villager (Male) |
| 5:46 | Queue | Villager (Male) |
| 5:48 | Research | Loom |
| 5:59 | Build | House |
| 6:41 | Research | Feudal Age |
| 6:55 | Queue | Militia |
| 7:05 | Build | Mining Camp |
| 7:17 | Queue | Militia |
| 7:17 | Queue | Militia |
| 7:37 | Queue | Militia |
| 7:59 | Build | House |
| 8:12 | Queue | Militia |
| 8:44 | Queue | Villager (Male) |
| 8:51 | Age | Feudal Age |
| 8:53 | Build | Archery Range |
| 8:54 | Research | Man-at-Arms (upgrade) |
| 9:13 | Queue | Villager (Male) |
| 9:15 | Build | Mill |
| 9:52 | Queue | Villager (Male) |
| 9:55 | Queue | Skirmisher |
| 10:07 | Queue | Skirmisher |
| 10:14 | Queue | Villager (Male) |
| 10:16 | Queue | Archer |
| 10:16 | Queue | Archer |
| 10:25 | Build | House |
| 10:43 | Queue | Villager (Male) |
| 10:44 | Queue | Archer |
| 11:04 | Queue | Villager (Male) |
| 11:08 | Build | House |
| 11:15 | Queue | Villager (Male) |
| 11:16 | Build | Farm |
| 11:18 | Build | Farm |
| 11:21 | Build | Farm |
| 11:31 | Queue | Villager (Male) |
| 11:40 | Build | Farm |
| 11:42 | Build | House |
| 11:57 | Queue | Archer |
| 12:10 | Queue | Archer |
| 12:11 | Queue | Archer |
| 12:11 | Queue | Villager (Male) |
| 12:16 | Queue | Villager (Male) |
| 12:18 | Build | Farm |
| 12:22 | Build | House |
| 12:49 | Build | Farm |
| 12:50 | Research | Double-Bit Axe |
| 12:50 | Research | Double-Bit Axe |
| 13:00 | Queue | Archer |
| 13:01 | Queue | Villager (Male) |
| 13:11 | Queue | Villager (Male) |
| 13:13 | Build | House |
| 13:14 | Build | Palisade Wall |
| 13:30 | Queue | Villager (Male) |
| 13:32 | Build | Farm |
| 13:34 | Queue | Archer |
| 14:33 | Queue | Archer |
| 15:10 | Queue | Villager (Male) |
| 15:10 | Queue | Villager (Male) |
| 15:15 | Build | Farm |
| 15:16 | Build | Farm |
| 15:17 | Build | Farm |
| 15:18 | Queue | Archer |
| 15:37 | Queue | Villager (Male) |
| 15:40 | Build | Market |
| 15:44 | Build | Blacksmith |
| 15:45 | Queue | Villager (Male) |
| 15:48 | Build | Farm |
| 16:17 | Build | Farm |
| 16:21 | Build | Farm |
| 16:37 | Build | Farm |
| 16:56 | Build | House |
| 17:06 | Research | Castle Age |
| 17:06 | Research | Castle Age |
| 17:23 | Build | Farm |
| 17:27 | Build | Stone Wall |
| 17:33 | Build | Stone Wall |
| 17:37 | Build | Stone Wall |
| 17:40 | Build | House |
| 17:41 | Queue | Villager (Male) |
| 17:51 | Research | Fletching |
| 18:35 | Queue | Villager (Male) |
| 18:43 | Build | Stable |
| 18:45 | Build | Stable |
| 19:01 | Research | Horse Collar |
| 19:02 | Research | Gold Mining |
| 19:19 | Research | Scale Barding Armor |
| 19:19 | Research | Scale Barding Armor |
| 19:19 | Research | Forging |
| 19:29 | Queue | Villager (Male) |
| 19:46 | Age | Castle Age |
| 19:51 | Queue | Unit 1944 |
| 19:51 | Queue | Unit 1944 |
| 19:52 | Queue | Unit 1944 |
| 19:52 | Build | Farm |
| 20:02 | Research | Scale Barding Armor |
| 20:05 | Build | Siege Workshop |
| 20:10 | Queue | Villager (Male) |
| 20:10 | Queue | Villager (Male) |
| 20:19 | Build | House |
| 20:24 | Queue | Unit 1944 |
| 20:36 | Queue | Unit 1944 |
| 20:36 | Queue | Unit 1944 |
| 20:37 | Queue | Villager (Male) |
| 20:37 | Queue | Villager (Male) |
| 20:44 | Build | Farm |
| 20:46 | Build | Farm |
| 20:48 | Queue | Villager (Male) |
| 20:48 | Queue | Villager (Male) |
| 21:05 | Queue | Unit 1944 |
| 21:05 | Queue | Unit 1944 |
| 21:08 | Build | Farm |
| 21:32 | Queue | Villager (Male) |
| 21:37 | Build | Farm |
| 21:38 | Build | Farm |
| 22:02 | Queue | Villager (Male) |
| 22:06 | Queue | Mangonel |
| 22:26 | Research | Chain Barding Armor |
| 22:28 | Build | House |
| 22:30 | Build | House |
| 22:37 | Queue | Unit 1944 |
| 22:37 | Queue | Unit 1944 |
| 22:53 | Queue | Villager (Male) |
| 22:56 | Queue | Villager (Male) |
| 23:39 | Research | Bow Saw |
| 23:44 | Queue | Mangonel |
| 23:59 | Queue | Villager (Male) |
Match timeline
| 5:16 | Phoebus Apollo · first_building Barracks |
| 8:51 | Phoebus Apollo · age_up feudal |
| 8:53 | Phoebus Apollo · first_building Archery Range |
| 9:56 | Jhoonas · wall_segment Palisade Wall x1 |
| 9:58 | Jhoonas · wall_segment Palisade Wall x2 |
| 10:00 | Jhoonas · wall_segment Palisade Wall x4 |
| 10:01 | Jhoonas · wall_segment Palisade Wall x1 |
| 10:06 | Jhoonas · wall_segment Palisade Wall x1 |
| 10:07 | Jhoonas · wall_segment Palisade Wall x1 |
| 10:09 | Jhoonas · wall_segment Palisade Wall x1 |
| 10:11 | Jhoonas · wall_segment Palisade Wall x1 |
| 10:18 | Jhoonas · wall_segment Palisade Wall x4 |
| 10:21 | Jhoonas · wall_segment Palisade Wall x7 |
| 10:31 | Jhoonas · age_up feudal |
| 10:38 | Jhoonas · wall_segment Palisade Wall x3 |
| 10:47 | Jhoonas · wall_segment Palisade Wall x1 |
| 11:12 | Jhoonas · wall_segment Palisade Wall x3 |
| 11:55 | Jhoonas · wall_segment Palisade Wall x1 |
| 13:13 | Jhoonas · first_market_buy 100 food |
| 13:14 | Phoebus Apollo · wall_segment Palisade Wall x1 |
| 15:55 | Jhoonas · age_up castle |
| 17:27 | Phoebus Apollo · wall_segment Stone Wall x8 |
| 17:33 | Phoebus Apollo · wall_segment Stone Wall x9 |
| 17:37 | Phoebus Apollo · wall_segment Stone Wall x3 |
| 17:39 | Jhoonas · first_building Castle |
| 18:43 | Phoebus Apollo · first_building Stable |
| 19:18 | Jhoonas · first_market_sell 100 wood |
| 19:46 | Phoebus Apollo · age_up castle |
| 20:05 | Phoebus Apollo · first_building Siege Workshop |
| 22:19 | Phoebus Apollo · first_market_sell 100 wood |
| 22:21 | Jhoonas · wall_segment Palisade Wall x8 |
| 22:26 | Jhoonas · wall_segment Palisade Wall x8 |
| 23:03 | Jhoonas · wall_segment Palisade Wall x4 |
| 24:01 | Phoebus Apollo · first_market_buy 100 wood |
| 25:54 | Phoebus Apollo · first_building Monastery |
| 26:18 | Jhoonas · first_building Monastery |
| 26:50 | Jhoonas · first_building Siege Workshop |
| 31:21 | Jhoonas · wall_segment Palisade Wall x1 |
| 33:15 | Phoebus Apollo · first_building Castle |
| 34:09 | Jhoonas · wall_segment Palisade Wall x8 |
| 34:31 | Phoebus Apollo · wall_segment Stone Wall x6 |
| 34:38 | Phoebus Apollo · wall_segment Stone Wall x7 |
| 34:41 | Phoebus Apollo · wall_segment Stone Wall x6 |
| 34:58 | Phoebus Apollo · wall_segment Stone Wall x6 |
| 36:17 | Phoebus Apollo · wall_segment Stone Wall x1 |
| 37:06 | Phoebus Apollo · age_up imperial |
| 37:47 | Jhoonas · first_building Barracks |
| 41:26 | Jhoonas · age_up imperial |
| 42:20 | Phoebus Apollo · wall_segment Stone Wall x1 |
| 59:44 | Jhoonas · resign |
[ AI ANALYSIS · 1 CREDIT ]
What really happened in this match?
Wolo.gg analyzes every decision: build order, eco, micro, common mistakes by bracket. Personalized analysis on WhatsApp or Discord in 30 seconds.
Civ guide
Tupi
Perfil
Jhoonas